[ AOE2 MATCH · #482736263 ]
UnrankedHuns vs Incas
Player's team · LOSS
Rival team · WIN
[ REPLAY ANALYSIS · EXTRACTED FROM THE RECORDED GAME ]
Feudal
12:29
Castle
20:22
Imperial
—
| APM avg | 45.6 |
| APM peak | 101 |
| eAPM avg | 19.5 |
| Villagers / military | 89 / 57 |
Focus
⚔️ 24.4% · 🌾 75.6%
Cavalry Archer ×50 · Knight ×4 · Archer ×2 · Monk ×1
Feudal
13:50
Castle
25:20
Imperial
36:05
| APM avg | 39.7 |
| APM peak | 118 |
| eAPM avg | 15.3 |
| Villagers / military | 82 / 44 |
Focus
⚔️ 32.7% · 🌾 67.3%
Unknown (2550) ×40 · Scorpion ×20 · Kamayuk ×10 · Skirmisher ×7 · Trebuchet (Packed) ×4 · Spearman ×3
Match map
Initial resources + every placement click. Lines = walls · curves = elevation contours. ◆ gold · ⬟ stone · ● berries · ✦ relic · ◌ wall gap
Your base· ✓ Closed at 20:22 · 95t walls · no gate
ChoRi-Wolo.gg's base· Open — unwalled flank
Smoothed initial terrain · ◌ = detected wall gap · hover for details
Inputs per minute
— _iamRex_ - - ChoRi-Wolo.gg
Build order — _iamRex_
First 150 of 237 actions detected
| 0:01 | Create | Villager (Male) |
| 0:02 | Create | Villager (Male) |
| 0:02 | Create | Villager (Male) |
| 0:02 | Create | Villager (Male) |
| 1:27 | Create | Villager (Male) |
| 1:55 | Create | Villager (Male) |
| 2:00 | Build | Lumber Camp |
| 2:06 | Research | Loom |
| 2:36 | Create | Villager (Male) |
| 2:48 | Create | Villager (Male) |
| 2:58 | Create | Villager (Male) |
| 3:58 | Create | Villager (Male) |
| 4:38 | Create | Villager (Male) |
| 4:38 | Create | Villager (Male) |
| 4:45 | Build | Mill |
| 5:24 | Create | Villager (Male) |
| 5:24 | Create | Villager (Male) |
| 5:24 | Create | Villager (Male) |
| 5:25 | Create | Villager (Male) |
| 6:18 | Build | Mill |
| 6:22 | Create | Villager (Male) |
| 6:35 | Build | Farm |
| 6:47 | Create | Villager (Male) |
| 7:20 | Build | Farm |
| 7:26 | Create | Villager (Male) |
| 7:35 | Build | Farm |
| 7:46 | Create | Villager (Male) |
| 7:55 | Build | Palisade Wall |
| 8:09 | Build | Palisade Wall |
| 8:11 | Create | Villager (Male) |
| 8:48 | Create | Villager (Male) |
| 9:08 | Build | Palisade Wall |
| 9:23 | Build | Palisade Wall |
| 9:24 | Create | Villager (Male) |
| 9:24 | Create | Villager (Male) |
| 9:36 | Build | Palisade Gate |
| 9:44 | Build | Palisade Wall |
| 9:59 | Build | Palisade Wall |
| 10:04 | Build | Palisade Wall |
| 10:19 | Research | Feudal Age |
| 10:19 | Research | Feudal Age |
| 10:37 | Build | Palisade Wall |
| 10:46 | Create | Villager (Male) |
| 10:51 | Build | Palisade Wall |
| 11:17 | Build | Palisade Wall |
| 11:54 | Build | Palisade Wall |
| 11:59 | Build | Palisade Wall |
| 12:04 | Build | Farm |
| 12:07 | Build | Farm |
| 12:08 | Build | Farm |
| 12:29 | Age | Feudal Age |
| 12:30 | Build | Lumber Camp |
| 12:42 | Create | Villager (Male) |
| 12:42 | Create | Villager (Male) |
| 13:02 | Build | Mining Camp |
| 13:21 | Build | Market |
| 13:27 | Create | Villager (Male) |
| 13:50 | Build | Farm |
| 13:53 | Build | Farm |
| 13:54 | Create | Villager (Male) |
| 14:19 | Create | Villager (Male) |
| 14:27 | Build | Palisade Wall |
| 14:39 | Create | Villager (Male) |
| 14:42 | Build | Blacksmith |
| 14:49 | Create | Villager (Male) |
| 15:04 | Build | Barracks |
| 15:42 | Research | Wheelbarrow |
| 15:49 | Build | Farm |
| 16:27 | Build | Stable |
| 16:34 | Create | Villager (Male) |
| 17:10 | Build | Palisade Wall |
| 17:43 | Research | Castle Age |
| 18:15 | Research | Double-Bit Axe |
| 18:22 | Build | Farm |
| 18:23 | Build | Farm |
| 18:43 | Build | Archery Range |
| 18:49 | Research | Horse Collar |
| 18:49 | Research | Horse Collar |
| 19:14 | Research | Fletching |
| 19:14 | Research | Fletching |
| 19:29 | Build | Archery Range |
| 19:35 | Create | Villager (Male) |
| 19:35 | Create | Villager (Male) |
| 19:40 | Create | Archer |
| 19:55 | Create | Archer |
| 20:22 | Age | Castle Age |
| 20:24 | Create | Cavalry Archer |
| 20:27 | Create | Cavalry Archer |
| 20:48 | Create | Villager (Male) |
| 20:54 | Build | Town Center |
| 21:01 | Create | Cavalry Archer |
| 21:02 | Create | Cavalry Archer |
| 21:05 | Create | Villager (Male) |
| 21:13 | Build | Farm |
| 21:28 | Build | Palisade Gate |
| 21:35 | Create | Villager (Male) |
| 21:40 | Research | Padded Archer Armor |
| 21:51 | Create | Villager (Male) |
| 21:51 | Create | Villager (Male) |
| 21:52 | Create | Villager (Male) |
| 22:01 | Research | Gold Mining |
| 22:13 | Create | Cavalry Archer |
| 22:14 | Create | Cavalry Archer |
| 22:16 | Create | Villager (Male) |
| 22:17 | Create | Villager (Male) |
| 22:18 | Create | Villager (Male) |
| 22:46 | Create | Cavalry Archer |
| 22:49 | Create | Cavalry Archer |
| 23:09 | Create | Villager (Male) |
| 23:11 | Create | Villager (Male) |
| 23:13 | Create | Villager (Male) |
| 23:37 | Create | Cavalry Archer |
| 23:37 | Create | Cavalry Archer |
| 23:39 | Create | Cavalry Archer |
| 23:44 | Create | Cavalry Archer |
| 24:21 | Create | Villager (Male) |
| 24:21 | Create | Villager (Male) |
| 24:21 | Create | Villager (Male) |
| 24:22 | Create | Villager (Male) |
| 24:31 | Build | Palisade Wall |
| 24:43 | Create | Cavalry Archer |
| 24:45 | Create | Cavalry Archer |
| 25:04 | Create | Cavalry Archer |
| 25:05 | Create | Cavalry Archer |
| 25:07 | Create | Villager (Male) |
| 25:08 | Create | Villager (Male) |
| 25:35 | Create | Cavalry Archer |
| 25:35 | Create | Cavalry Archer |
| 25:37 | Create | Villager (Male) |
| 25:37 | Create | Villager (Male) |
| 25:38 | Create | Villager (Male) |
| 25:53 | Build | Town Center |
| 26:02 | Create | Villager (Male) |
| 26:03 | Create | Villager (Male) |
| 26:13 | Create | Cavalry Archer |
| 26:14 | Create | Cavalry Archer |
| 26:41 | Create | Cavalry Archer |
| 26:42 | Create | Cavalry Archer |
| 26:49 | Research | Leather Archer Armor |
| 26:53 | Create | Villager (Male) |
| 27:22 | Create | Villager (Male) |
| 27:22 | Create | Villager (Male) |
| 27:25 | Build | Farm |
| 27:31 | Create | Villager (Male) |
| 27:39 | Create | Cavalry Archer |
| 27:39 | Create | Cavalry Archer |
| 27:46 | Build | Archery Range |
| 27:47 | Build | Archery Range |
| 28:11 | Research | Bodkin Arrow |
| 28:20 | Create | Villager (Male) |
Build order — ChoRi-Wolo.gg
First 150 of 238 actions detected
| 0:01 | Create | Villager (Male) |
| 0:02 | Create | Villager (Male) |
| 0:02 | Create | Villager (Male) |
| 0:02 | Create | Villager (Male) |
| 0:05 | Build | House |
| 0:08 | Build | Barracks |
| 1:30 | Create | Villager (Male) |
| 1:30 | Create | Villager (Male) |
| 2:14 | Create | Villager (Male) |
| 2:14 | Create | Villager (Male) |
| 2:29 | Create | Villager (Male) |
| 2:29 | Create | Villager (Male) |
| 3:36 | Create | Villager (Male) |
| 3:36 | Create | Villager (Male) |
| 4:07 | Create | Villager (Male) |
| 4:07 | Create | Villager (Male) |
| 4:25 | Create | Villager (Male) |
| 5:54 | Build | House |
| 5:55 | Create | Villager (Male) |
| 5:55 | Create | Villager (Male) |
| 5:55 | Create | Villager (Male) |
| 5:57 | Create | Unit 2550 |
| 5:57 | Create | Unit 2550 |
| 5:58 | Create | Unit 2550 |
| 6:12 | Create | Villager (Male) |
| 6:39 | Build | Settlement |
| 7:05 | Create | Villager (Male) |
| 7:05 | Create | Villager (Male) |
| 7:32 | Create | Unit 2550 |
| 7:44 | Create | Villager (Male) |
| 7:44 | Create | Villager (Male) |
| 8:41 | Create | Villager (Male) |
| 8:41 | Create | Villager (Male) |
| 9:05 | Create | Villager (Male) |
| 9:05 | Create | Villager (Male) |
| 9:06 | Create | Unit 2550 |
| 9:06 | Create | Unit 2550 |
| 9:34 | Build | Settlement |
| 9:51 | Create | Unit 2550 |
| 9:51 | Create | Unit 2550 |
| 10:17 | Create | Villager (Male) |
| 10:18 | Create | Villager (Male) |
| 10:37 | Create | Unit 2550 |
| 10:48 | Create | Villager (Male) |
| 11:31 | Build | Farm |
| 11:32 | Build | Farm |
| 11:32 | Build | Farm |
| 11:32 | Build | Farm |
| 11:33 | Build | Farm |
| 11:33 | Build | Farm |
| 11:33 | Build | Farm |
| 11:33 | Build | Farm |
| 11:40 | Research | Feudal Age |
| 12:52 | Create | Villager (Male) |
| 12:52 | Create | Villager (Male) |
| 12:58 | Build | Farm |
| 13:02 | Build | Farm |
| 13:06 | Research | Loom |
| 13:06 | Create | Villager (Male) |
| 13:07 | Create | Unit 2550 |
| 13:07 | Create | Unit 2550 |
| 13:08 | Create | Unit 2550 |
| 13:32 | Build | Farm |
| 13:36 | Build | Farm |
| 13:50 | Age | Feudal Age |
| 14:03 | Research | Tech 1402 |
| 14:04 | Create | Unit 2550 |
| 14:04 | Create | Unit 2550 |
| 14:04 | Create | Unit 2550 |
| 14:26 | Create | Unit 2550 |
| 14:28 | Create | Villager (Male) |
| 14:28 | Create | Villager (Male) |
| 14:29 | Create | Villager (Male) |
| 14:29 | Create | Villager (Male) |
| 14:29 | Create | Villager (Male) |
| 14:36 | Build | Farm |
| 14:40 | Build | Farm |
| 14:50 | Research | Arson |
| 14:51 | Create | Unit 2550 |
| 15:01 | Create | Villager (Male) |
| 15:48 | Create | Unit 2550 |
| 15:48 | Create | Unit 2550 |
| 16:10 | Create | Villager (Male) |
| 16:11 | Create | Villager (Male) |
| 16:29 | Build | Blacksmith |
| 16:38 | Build | Farm |
| 16:39 | Create | Villager (Male) |
| 16:39 | Create | Villager (Male) |
| 16:55 | Create | Unit 2550 |
| 17:00 | Build | Barracks |
| 17:12 | Create | Villager (Male) |
| 17:17 | Create | Spearman |
| 17:18 | Create | Spearman |
| 17:18 | Create | Spearman |
| 17:35 | Research | Scale Mail Armor |
| 17:36 | Research | Forging |
| 17:37 | Create | Villager (Male) |
| 17:41 | Build | Farm |
| 17:45 | Build | Farm |
| 17:48 | Build | Farm |
| 17:52 | Research | Double-Bit Axe |
| 17:52 | Research | Horse Collar |
| 18:15 | Create | Unit 2550 |
| 18:15 | Create | Unit 2550 |
| 18:15 | Create | Unit 2550 |
| 18:21 | Build | House |
| 18:22 | Build | House |
| 18:23 | Build | House |
| 18:32 | Build | House |
| 18:38 | Build | Palisade Wall |
| 18:52 | Build | Farm |
| 18:53 | Create | Villager (Male) |
| 18:59 | Research | Wheelbarrow |
| 18:59 | Create | Villager (Male) |
| 18:59 | Create | Villager (Male) |
| 19:03 | Create | Unit 2550 |
| 19:03 | Create | Unit 2550 |
| 19:03 | Create | Unit 2550 |
| 19:37 | Create | Unit 2550 |
| 19:38 | Create | Unit 2550 |
| 19:38 | Create | Unit 2550 |
| 20:16 | Create | Unit 2550 |
| 20:16 | Create | Unit 2550 |
| 20:17 | Create | Villager (Male) |
| 20:19 | Create | Villager (Male) |
| 20:52 | Build | Farm |
| 21:06 | Build | Market |
| 21:25 | Build | Farm |
| 21:38 | Build | Farm |
| 21:39 | Create | Villager (Male) |
| 21:39 | Create | Villager (Male) |
| 21:49 | Research | Horse Collar |
| 22:21 | Build | Farm |
| 22:40 | Research | Castle Age |
| 22:45 | Build | Farm |
| 23:38 | Create | Unit 2550 |
| 23:38 | Create | Unit 2550 |
| 24:03 | Build | Settlement |
| 24:12 | Create | Villager (Male) |
| 24:13 | Create | Villager (Male) |
| 24:13 | Create | Villager (Male) |
| 24:14 | Create | Villager (Male) |
| 24:47 | Build | Stone Wall |
| 25:15 | Create | Unit 2550 |
| 25:15 | Create | Unit 2550 |
| 25:20 | Age | Castle Age |
| 25:24 | Research | Tech 1351 |
| 25:28 | Create | Villager (Male) |
| 25:42 | Build | Siege Workshop |
| 25:48 | Create | Villager (Male) |
Match timeline
| 0:08 | ChoRi-Wolo.gg · first_building Barracks |
| 7:55 | _iamRex_ · wall_segment Palisade Wall x16 |
| 8:09 | _iamRex_ · wall_segment Palisade Wall x12 |
| 9:08 | _iamRex_ · wall_segment Palisade Wall x11 |
| 9:23 | _iamRex_ · wall_segment Palisade Wall x1 |
| 9:44 | _iamRex_ · wall_segment Palisade Wall x15 |
| 9:59 | _iamRex_ · wall_segment Palisade Wall x1 |
| 10:04 | _iamRex_ · wall_segment Palisade Wall x1 |
| 10:37 | _iamRex_ · wall_segment Palisade Wall x1 |
| 10:51 | _iamRex_ · wall_segment Palisade Wall x25 |
| 11:17 | _iamRex_ · wall_segment Palisade Wall x2 |
| 11:54 | _iamRex_ · wall_segment Palisade Wall x2 |
| 11:59 | _iamRex_ · wall_segment Palisade Wall x2 |
| 12:29 | _iamRex_ · age_up feudal |
| 13:50 | ChoRi-Wolo.gg · age_up feudal |
| 14:27 | _iamRex_ · wall_segment Palisade Wall x5 |
| 15:04 | _iamRex_ · first_building Barracks |
| 16:27 | _iamRex_ · first_building Stable |
| 17:10 | _iamRex_ · wall_segment Palisade Wall x4 |
| 17:20 | _iamRex_ · first_market_buy 100 food |
| 17:28 | _iamRex_ · first_market_sell 100 stone |
| 18:38 | ChoRi-Wolo.gg · wall_segment Palisade Wall x15 |
| 18:43 | _iamRex_ · first_building Archery Range |
| 20:22 | _iamRex_ · age_up castle |
| 22:09 | ChoRi-Wolo.gg · first_market_sell 100 wood |
| 22:11 | ChoRi-Wolo.gg · first_market_buy 100 food |
| 24:31 | _iamRex_ · wall_segment Palisade Wall x7 |
| 24:47 | ChoRi-Wolo.gg · wall_segment Stone Wall x13 |
| 25:20 | ChoRi-Wolo.gg · age_up castle |
| 25:42 | ChoRi-Wolo.gg · first_building Siege Workshop |
| 30:00 | _iamRex_ · wall_segment Palisade Wall x9 |
| 30:46 | ChoRi-Wolo.gg · first_building Castle |
| 32:54 | _iamRex_ · first_building Castle |
| 35:22 | ChoRi-Wolo.gg · first_building Archery Range |
| 36:05 | ChoRi-Wolo.gg · age_up imperial |
| 36:11 | _iamRex_ · first_building Monastery |
| 38:37 | _iamRex_ · resign |
[ AI ANALYSIS · 1 CREDIT ]
What really happened in this match?
Wolo.gg analyzes every decision: build order, eco, micro, common mistakes by bracket. Personalized analysis on WhatsApp or Discord in 30 seconds.
Civ guide
Huns
Perfil
Jugador #2039558